 Dungeon Crawl Stone Soup version 0.28.0-49-g6dfe1f597d (webtiles) character file.

Game seed: 1132665297414158375

146 issech the Cudgeller (level 5, -5/53 HPs)
             Began as a Troll Monk on May 12, 2022.
             Slain by a gnoll
             ... wielding a +0 whip
              (8 damage)
             ... on level 4 of the Dungeon.
             The game lasted 00:08:25 (2660 turns).

issech the Cudgeller (Troll Monk)                   Turns: 2660, Time: 00:08:25

Health: -5/53      AC:  5    Str: 25    XL:     5   Next: 7%
Magic:  4/4        EV: 11    Int:  6    God:
Gold:   100        SH:  0    Dex: 17    Spells: 4/4 levels left

rFire   . . .      SeeInvis .   x - +0 dagger "Cyzaev" {vorpal, rN+ Str+2}
rCold   . . .      Faith    .   (no shield)
rNeg    + . .      Spirit   .   n - +1 robe of Boiling Hail {rElec Str+4 Dex+3}
rPois   .          Reflect  .   (helmet restricted)
rElec   +          Harm     .   (no cloak)
rCorr   .          Rampage  .   (gloves unavailable)
Will    .....                   (boots unavailable)
Stlth   ++........              d - amulet of magic regeneration
HPRegen 0.97/turn               (no ring)
MPRegen 0.49/turn               (no ring)

@: no status effects
A: large, unfitting armour, claws 3, regeneration 1, shaggy fur 1, tough skin 1
a: no special abilities


You were on level 4 of the Dungeon.
You visited 1 branch of the dungeon, and saw 4 of its levels.
You also visited: Sewer.

You collected 100 gold pieces.

Inventory:

Hand Weapons
 a - a +0 mace
 p - a +0 war axe
 w - a +0 long sword
 x - the +0 dagger "Cyzaev" (weapon) {vorpal, rN+ Str+2}
   (You found it on level 4 of the Dungeon)

   It inflicts extra damage upon your enemies.
   Str:       It affects your strength (+2).
   rN:        It protects you from negative energy.
Missiles
 e - 107 stones
 h - a boomerang (quivered)
 i - 3 poisoned darts
Armour
 b - a +0 robe
 n - the +1 robe of Boiling Hail (worn) {rElec Str+4 Dex+3}
   (You found it in a sewer)

   Str:       It affects your strength (+4).
   Dex:       It affects your dexterity (+3).
   rElec:     It insulates you from electricity.
Magical Staves
 o - a staff of death
Jewellery
 d - an amulet of magic regeneration (around neck)
Scrolls
 c - a scroll of fear
 j - 3 scrolls of teleportation
 k - a scroll of enchant armour
 l - 2 scrolls of immolation
 q - 2 scrolls of blinking {unknown}
 s - a scroll of enchant weapon {unknown}
 u - a scroll of holy word {unknown}
 v - a scroll of vulnerability {unknown}
 y - a scroll of identify
Potions
 f - 2 potions of curing {unknown}
 g - 2 potions of invisibility {unknown}
 m - a potion of heal wounds {unknown}
 r - 2 potions of lignification {unknown}
 t - a potion of haste {unknown}


   Skills:
 + Level 3.1 Fighting
 + Level 1.5(2.5) Axes
 + Level 3.4(3.7) Maces & Flails
 + Level 0.4 Throwing
 + Level 2.8 Dodging
 + Level 1.4 Stealth


You had 4 spell levels left.
You didn't know any spells.
Your spell library contained the following spells:

 Spells                   Type           Power      Damage    Failure   Level
 Ensorcelled Hibernation  Hex/Ice        0%         N/A       58%         2
 Gell's Gravitas          Tloc           0%         N/A       83%         3
 Lesser Beckoning         Tloc           0%         N/A       83%         3
 Spider Form              Tmut/Pois      0%         N/A       83%         3
 Teleport Other           Tloc           0%         N/A       83%         3
 Anguish                  Hex/Necr       0%         N/A       99%         4


Dungeon Overview and Level Annotations

Branches:
Dungeon (4/15)              Sewer (visited)
 Temple: D:4-7

Altars:
Zin


Innate Abilities, Weirdness & Mutations

You are too large for most types of armour.
You have claws for hands.
Your natural rate of healing is unusually fast.
You are covered in fur. (AC +1)
You have tough skin. (AC +1)


Message History

The gnoll sergeant hits you with a +0 spear!
* * * LOW HITPOINT WARNING * * *
The gnoll sergeant hits you from afar with a +0 spear!
* * * LOW HITPOINT WARNING * * *
You throw a boomerang.
The boomerang hits the gnoll sergeant but does no damage.
The gnoll sergeant hits you from afar with a +0 spear!
You throw a boomerang. The boomerang hits the gnoll sergeant.
The gnoll sergeant is moderately wounded.
The gnoll sergeant barely misses you.
Things that are here:
a +0 club; a kobold corpse You throw a boomerang.
The boomerang closely misses the gnoll sergeant.
The boomerang barely misses the gnoll.
The boomerang hits the gnoll!
The gnoll is severely wounded.
The gnoll sergeant completely misses you.
You throw a boomerang. The boomerang hits the gnoll sergeant.
The gnoll sergeant is moderately wounded.
The gnoll sergeant hits you from afar with a +0 spear. x2
The gnoll hits you with a +0 whip.
You hit the gnoll.
The gnoll is moderately wounded.
The gnoll sergeant hits you from afar with a +0 spear!
The gnoll closely misses you.
You hit the gnoll but do no damage.
The gnoll is moderately wounded.
The gnoll sergeant hits you from afar with a +0 spear!
The gnoll hits you but does no damage.
You barely miss the gnoll.
The gnoll is moderately wounded.
The gnoll sergeant hits you from afar with a +0 spear!
* * * LOW HITPOINT WARNING * * *
The gnoll hits you but does no damage.
You barely miss the gnoll.
The gnoll is moderately wounded.
The gnoll sergeant hits you from afar with a +0 spear!
* * * LOW HITPOINT WARNING * * *
The gnoll hits you with a +0 whip!
You die...

..#
#.##.###.###.##...##.
#.# #.##.# #.#
#.......## #.#
#.##.###.# ####...## #.#
#........# ##.## #.#
####.##### #.# #.#
####g#### #.# #.##
#..gg...# #+# #<.#
#.##g##.# ##.# #.##@##.#
##.## #.##.#..#
###...#######.##....####
.......................+
###..†#######.##....####
##.## #.......# #.#
###..#### #.# ...# #.#
##.##


You could see a gnoll sergeant and 3 gnolls.

Vanquished Creatures
  2 river rats (Sewer)
  6 adders
  2 worms
  3 dart slugs
  7 ball pythons
  2 bats
  6 endoplasms
  A giant cockroach (D:3)
  3 goblins (D:3)
  2 hobgoblins
  3 jackals (D:3)
  2 quokkas
  11 frilled lizards
  10 kobolds
  9 rats
69 creatures vanquished.

Notes
Turn   | Place    | Note
-------+----------+-------------------------------------------
     0 | D:1      | issech the Troll Monk began the quest for the Orb.
     0 | D:1      | Reached XP level 1. HP: 22/22 MP: 0/0
   181 | D:1      | Reached XP level 2. HP: 29/29 MP: 1/1
   705 | D:2      | Reached XP level 3. HP: 36/36 MP: 2/2
   910 | D:2      | Found a glowing silver altar of Zin.
  1439 | D:3      | Found a glowing drain.
  1473 | Sewer    | Entered a sewer
  1480 | Sewer    | Reached XP level 4. HP: 44/44 MP: 3/3
  1544 | Sewer    | Identified the +1 robe of Boiling Hail {rElec Str+4 Dex+3}
  1654 | Sewer    | Reached skill level 1 in Axes
  2210 | D:3      | Reached XP level 5. HP: 53/53 MP: 4/4
  2464 | D:4      | Identified the +0 dagger "Cyzaev" {vorpal, rN+ Str+2}
  2660 | D:4      | Slain by a gnoll

Illustrated notes

Levels and vault maps discovered:
D:1:      minmay_arrival_stone_box, layout_basic
D:2:      layout_basic, basic_altar
D:3:      layout_loops_ring, cheibrodos_sewer_entry_bend
D:4:      layout_loops_corners, nicolae_temple_entry_ecumenical, minmay_cut_off,
          uniq_ijyb, uniq_robin

Skill      XL: |  1  2  3  4 |
---------------+-------------+-----
Maces & Flails | 3 |  3.4
Fighting       | 3 |  3.1
Axes           | 1 |  1.5
Throwing       | |  0.4
Dodging        | |  2.8
Stealth        | |  1.4

Action                   |  1- 3 |  4- 6 || total
-------------------------+-------+-------++-------
Melee: Mace              |    54 |       ||    54
       War axe           |    23 |    82 ||   105
       Punch             |     1 |       ||     1
       Dagger            |       |    32 ||    32
Throw: Boomerang         |    18 |     4 ||    22
  Use: Scroll            |     5 |       ||     5
 Stab: Sleeping          |       |     5 ||     5
Armor: Robe              |    30 |    47 ||    77
Dodge: Dodged            |    38 |    69 ||   107
